 Dungeon Crawl Stone Soup version 0.32-a0-131-g9dbbe29 (webtiles) character file.

Game seed: 7007441494500139681

339 Dorkslayer the Ruffian (level 6, -1/43 HPs)
             Began as an Octopode Fighter on Feb 8, 2024.
             Succumbed to Ubbricas's ghost's poison
             ... on level 3 of the Dungeon.
             The game lasted 00:07:32 (2425 turns).

Dorkslayer the Ruffian (Octopode Fighter)           Turns: 2425, Time: 00:07:33

Health: -1/43      AC:  1    Str: 18    XL:     6   Next: 55%
Magic:  6/6        EV: 14    Int: 13    God:
Gold:   173        SH:  5    Dex: 15    Spells: 5/5 levels left

rFire   . . .        l - +6 mace of Tenacity {heavy, ^Drain Int+3 Dex+4}
rCold   . . .        a - +0 buckler
rNeg    . . .        (helmet restricted)
rPois   .            (no amulet)
rElec   .            (no ring)
rCorr   .            (no ring)
SInv    .            (no ring)
Will    .....        (no ring)
Stlth   +++          (no ring)
HPRegen 0.27/turn    (no ring)
MPRegen 0.10/turn    (no ring)
                     (no ring)

%: no passive effects
@: mighty, brilliant, lethally poisoned (-1 -> -12), hasted, invisible, very
quick
A: almost no armour, amphibious, 8 rings, camouflage 1, gelatinous body 1,
(nimble swimmer 1), tentacles
a: no special abilities


You were on level 3 of the Dungeon.
You visited 1 branch of the dungeon, and saw 3 of its levels.
You also visited: Sewer.

You collected 173 gold pieces.

Inventory:

Hand Weapons
 l - the +6 mace of Tenacity (weapon) {heavy, ^Drain Int+3 Dex+4}
   (You found it in a sewer)

   Int+3:     It affects your intelligence (+3).
   Dex+4:     It affects your dexterity (+4).
   ^Drain:    It drains your maximum health when unequipped.
 n - a +1 mace of chaos
Armour
 a - a +0 buckler (worn)
Talismans
 u - a flux talisman
Scrolls
 c - 2 scrolls of teleportation
 f - a scroll of noise
 r - a scroll of amnesia {unknown}
 s - a scroll of immolation
Potions
 b - a potion of might
 d - a potion of cancellation {unknown}
 e - a potion of attraction {unknown}
 g - a potion of enlightenment {unknown}
 h - 2 potions of invisibility
 i - a potion of magic {unknown}
 j - a potion of ambrosia
 k - a potion of lignification {unknown}
 m - a potion of brilliance
 o - a potion of haste
 p - a potion of resistance {unknown}
 q - a potion of curing {unknown}
 t - a potion of mutation {unknown}


   Skills:
 + Level 3.7 Fighting
 + Level 2.1 Maces & Flails
 + Level 3.6 Dodging
 + Level 3.3 Stealth
 + Level 3.5 Shields
 * Level 4.0 Unarmed Combat
 * Level 1.1 Shapeshifting


You had 5 spell levels left.
You didn't know any spells.
Your spell library contained the following spells:

 Spells                   Type           Power      Damage    Failure   Level
 Apportation              Tloc           0%         N/A       36%         1
 Necrotise                Necr           0%         1d4       36%         1
 Sting                    Conj/Alch      0%         1d3       36%         1
 Summon Small Mammal      Summ           0%         N/A       36%         1
 Tukima's Dance           Hex            0%         N/A       75%         3
 Dimensional Bullseye     Hex/Tloc       0%         N/A       98%         4
 Iskenderun's Mystic Bla  Conj/Tloc      0%         2d3       98%         4


Dungeon Overview and Level Annotations

Branches:
Dungeon (3/15)              Sewer (visited)

Altars:
Zin


Innate Abilities, Weirdness & Mutations

You cannot wear most types of armour.
You are amphibious.
You can wear up to eight rings at the same time.
Your skin changes colour to match your surroundings (Stealth+).
Your rubbery body absorbs attacks. (AC +1, EV +1)
((You are camouflaged when in or above water. (Stealth+)))
You have tentacles for arms and can constrict up to eight enemies at once.


Message History

Found a pair of boots.
Found a roughly hewn altar of Beogh.
Okay, then.
You fade into invisibility!
You feel very mighty all of a sudden.
You open the gate. You sock Ubbricas's ghost!
Ubbricas's ghost is heavily damaged.
Ubbricas's ghost hits you. Ubbricas's ghost completely misses you.
You barely miss Ubbricas's ghost. You squeeze Ubbricas's ghost!
Ubbricas's ghost is almost destroyed.
Ubbricas's ghost hits you. Ubbricas's ghost closely misses you.
The orc misses you.
You closely miss Ubbricas's ghost.
Ubbricas's ghost is almost destroyed.
Ubbricas's ghost hits you.
You are poisoned.
The orc hits you with a +0 mace.
Ubbricas's ghost whispers, "Soon you will have time, lots of time..."
Ubbricas's ghost hits you.
You are lethally poisoned!
The orc barely misses you.
You thump Ubbricas's ghost!
You destroy Ubbricas's ghost!
* * * LOW HITPOINT WARNING * * *
You feel extremely sick. The orc closely misses you.
The orc hits you with a +0 war axe.
* * * LOW HITPOINT WARNING * * *
Your Maces & Flails skill increases to level 2!
Your Unarmed Combat skill increases to level 4!
Your Shapeshifting skill increases to level 1!
Okay, then.
It was a potion of brilliance.
You feel clever all of a sudden.
* * * LOW HITPOINT WARNING * * *
You feel very sick. The orc closely misses you.
The orc hits you with a +0 morningstar.
* * * LOW HITPOINT WARNING * * *
The orc barely misses you.
It was a potion of haste.
You feel yourself speed up.
You die...

#........#####..#####..#
#.#.......#....## ##.##
#.#.....#...##### #..#
................# ##.#
..#.#####.......#### #.##
.......##..........# #..########
###.##..#.......##.####..........
.##.###.........o................
.##.# ###..ß....@o.......ß.......
.##.# #..######o''######.......
.#..# #..#...ooo.......#.......
...## #..#....#####....#.....§.
.### #..#.###.....###.#......^ .#
####.#ß#..ß.)#ß#.#....... .#
#.............#....... .#
#ß....._[... #....... ## ########


You could see 6 orcs.

Vanquished Creatures
  The ghost of Ubbricas the Sneak, an amateur OpAE (D:3)
  A kobold brigand (Sewer)
  A jelly (D:3)
  5 adders
  2 ribbon worms (D:2)
  2 dart slugs
  10 ball pythons
  5 endoplasms
  4 giant cockroaches
  4 goblins
  4 hobgoblins
  18 kobolds
  4 quokkas
  4 bats
  8 frilled lizards
  6 rats
79 creatures vanquished.

Notes
Turn   | Place    | Note
-------+----------+-------------------------------------------
     0 | D:1      | Dorkslayer the Octopode Fighter began the quest for the
                  | Orb.
     0 | D:1      | Reached XP level 1. HP: 16/16 MP: 1/1
   101 | D:1      | Reached XP level 2. HP: 13/21 MP: 2/2
   571 | D:1      | Found a faded altar of an unknown god.
   693 | D:2      | Reached XP level 3. HP: 14/26 MP: 3/3
  1096 | D:2      | Found a glowing silver altar of Zin.
  1244 | D:2      | Reached skill level 3 in Unarmed Combat
  1244 | D:2      | Reached XP level 4. HP: 26/31 MP: 4/4
  1452 | D:3      | Found a runed translucent gate.
  1452 | D:3      | Found a runed translucent gate.
  1452 | D:3      | Found a runed translucent gate.
  1452 | D:3      | Noticed Ubbricas's ghost (amateur OpAE)
  1459 | D:3      | Reached skill level 1 in Stealth
  1471 | D:3      | Identified the +1 short sword of Naroux {heavy, rN+}
  1590 | D:3      | Found a glowing drain.
  1607 | Sewer    | Entered a sewer
  1710 | Sewer    | Noticed a kobold brigand
  1715 | Sewer    | Killed a kobold brigand
  1716 | Sewer    | Reached skill level 1 in Maces & Flails
  1716 | Sewer    | Reached XP level 5. HP: 20/36 MP: 5/5
  1756 | Sewer    | Identified the +6 mace of Tenacity {heavy, ^Drain Int+3
                  | Dex+4}
  2191 | D:3      | Reached XP level 6. HP: 41/43 MP: 6/6
  2322 | D:3      | Identified the +1 spear of Qazlal's Benevolence {flame, rC-
                  | Int+7 Dex+8}
  2423 | D:3      | Killed Ubbricas's ghost
  2424 | D:3      | Reached skill level 4 in Unarmed Combat
  2424 | D:3      | Reached skill level 1 in Shapeshifting
  2424 | D:3      | HP: 2/43 [orc/+0 morningstar (3)]
  2425 | D:3      | Succumbed to Ubbricas's ghost's poison

Illustrated notes

Levels and vault maps discovered:
D:1:      minmay_arrival_wavy_path, layout_loops_ring,
          shapermc_ecumenical_altar_mp_vishouse
D:2:      layout_basic, basic_altar
D:3:      layout_rooms, portal_sewer_entry_f, biasface_ghost_orc_armoury,
          minmay_unequal

Skill      XL: |  1  2  3  4  5  6 |
---------------+-------------------+-----
Unarmed Combat | 3 4 |  4.0
Stealth        | 2 3 |  3.3
Maces & Flails | 1 2 |  2.1
Shapeshifting  | 1 |  1.1
Fighting       | |  3.7
Dodging        | |  3.6
Shields        | |  3.5

Action                     |  1- 3 |  4- 6 || total
---------------------------+-------+-------++-------
  Melee: Unarmed           |    82 |    21 ||   103
         Constrict         |    21 |    13 ||    34
         Tentacles         |    12 |    10 ||    22
         Punch             |     4 |     3 ||     7
         Mace              |       |    47 ||    47
    Use: Scroll            |       |     9 ||     9
         Potion            |       |     6 ||     6
   Stab: Sleeping          |     7 |     8 ||    15
 Armour: Skin              |    33 |    34 ||    67
  Dodge: Dodged            |    46 |    43 ||    89
  Block: Buckler           |    22 |    16 ||    38

Table legend: (Time is in decaauts)
 A = Elapsed time spent in this place.
 B = Non-inter-level travel time spent in this place.
 C = Inter-level travel time spent in this place.
 D = Time resting spent in this place.
 E = Time spent auto-exploring this place.
 F = Levels seen in this place.
 G = Mean time per level.
                   A        B        C        D        E       F      G
               +--------+--------+--------+--------+--------+-----+--------+
         Total |   2458 |   2458 |      0 |    100 |   1235 |   4 |  614.5 |
       Dungeon |   1963 |   1963 |      0 |      0 |   1082 |   3 |  654.3 |
         Sewer |    494 |    494 |      0 |    100 |    153 |   1 |  494.0 |
               +--------+--------+--------+--------+--------+-----+--------+

Top non-repeatable levels by time:
     D:2: 771 daAuts
     D:1: 674 daAuts
     D:3: 517 daAuts
   Sewer: 494 daAuts
